 Dungeon Crawl Stone Soup version 0.24-a0-274-gb3763e6 (webtiles) character file.

Game seed: 14306780922543384526

467 MattMattMattMatt the Conjurer (level 6, -1/47 HPs)
             Began as a Draconian Conjurer on Apr 27, 2019.
             Was an Initiate of Dithmenos.
             Slain by a yak (4 damage)
             ... on level 5 of the Dungeon.
             The game lasted 00:52:37 (3936 turns).

MattMattMattMatt the Conjurer (Draconian Conjurer)  Turns: 3936, Time: 00:52:38

Health: -1/47      AC:  7    Str: 11      XL:     6   Next: 81%
Magic:  1/11       EV: 13    Int: 16 (17) God:    Dithmenos [......]
Gold:   193        SH:  0    Dex: 11      Spells: 2/12 levels left

rFire    + . .     SeeInvis .   f - +2 whip (drain)
rCold    + . .     Gourm    .   (no shield)
rNeg     . . .     Faith    .   (armour unavailable)
rPois    .         Spirit   .   (helmet restricted)
rElec    .         Reflect  .   p - scarf {rC+ rF+}
rCorr    .         Harm     .   (no gloves)
MR       .....                  n - +0 pair of boots
Stlth    ++........             (no amulet)
HPRegen  0.15/turn              (no ring)
MPRegen  0.12/turn              (no ring)

@: very slightly contaminated
A: unfitting armour, cold-blooded, AC +6
a: Renounce Religion


You were on level 5 of the Dungeon.
You worshipped Dithmenos.
Dithmenos was noncommittal.
You were not hungry.

You visited 1 branch of the dungeon, and saw 5 of its levels.

You collected 193 gold pieces.

Inventory:

Hand Weapons
 a - a -1 hand axe
 f - a +2 whip of draining (weapon)
 l - a +0 short sword
 m - a +0 scythe
Missiles
 d - 33 sling bullets
 e - 74 arrows
 g - 17 poisoned needles (quivered)
 k - 154 stones
Armour
 h - a +0 shield
 n - a +0 pair of boots (worn)
 p - a scarf of resistance (worn)
Scrolls
 c - a scroll of remove curse
 i - 2 scrolls of identify
Potions
 j - a potion of curing
 o - a potion of flight
Comestibles
 b - 7 rations


   Skills:
 + Level 1.3 Fighting
 + Level 3.0 Maces & Flails
 + Level 2.9 Dodging
 + Level 2.7 Stealth
 + Level 3.8 Spellcasting
 + Level 5.3 Conjurations


You had 2 spell levels left.
You knew the following spells:

 Your Spells              Type           Power        Failure   Level  Hunger
a - Magic Dart            Conj           ###.         1%          1    None
b - Searing Ray           Conj           ###...       3%          2    ##.....
c - Iskenderun's Mystic   Conj           ###.....     19%         4    ####...
d - Dazzling Spray        Conj/Hex       ##....       17%         3    ###....

Your spell library contained the following spells:

 Spells                   Type           Power        Failure   Level  Hunger
 Force Lance              Conj/Tloc      ##......     50%         4    ####...
 Fulminant Prism          Conj/Hex       ##........   50%         4    ####...


Dungeon Overview and Level Annotations

Branches:
Dungeon (5/15)
 Temple: D:4-7

Altars:
Dithmenos


Innate Abilities, Weirdness & Mutations

Your plain brown scales are hard. (AC +6)
You cannot fit into any form of body armour.
You are cold-blooded and may be slowed by cold attacks.


Message History

* * * LOW HITPOINT WARNING * * *
The yak closely misses you. The hound misses you. x2
Casting: Searing Ray (safe; 3% risk of failure)
Confirm with . or Enter, or press ? or * to list all spells.
Aiming: Magic Dart (safe; 1% risk of failure)
Press: ? - help, Shift-Dir - straight line, f/p - hound
Aim: a hound (heavily wounded, heavily drained)
The magic dart hits the hound.
The hound is almost dead.
The hound stops to sniff the ground.
The hound bites you.
* * * LOW HITPOINT WARNING * * *
You hit the hound.
You kill the hound!
Dithmenos accepts your kill.
Your Maces & Flails skill increases to level 3!
The adder bites you but does no damage.
You miss the adder. The yak closely misses you. The yak gores you.
You die...

#.......>[.
######...#......
................
...............
.......<.......
######...#.##..#
#..Y.......
#.YY####.. #.S@#
#...# #.....
#...##.. #..##
.# #... .. #.##
. ..


You could see 3 yaks and an adder.

Vanquished Creatures
  Sigmund (D:4)
  A howler monkey (D:4)
  An orc wizard (D:4)
  2 hounds
  A worker ant (D:4)
  4 adders
  2 oozes
  3 worms
  2 dart slugs
  4 leopard geckos
  6 orcs (D:4)
  8 bats
  8 giant cockroaches
  9 goblins
  9 hobgoblins
  11 jackals
  10 kobolds
  3 ball pythons
  6 frilled lizards
  A jackal skeleton (D:5)
  A quokka skeleton (D:2)
  13 rats
106 creatures vanquished.

Notes
Turn   | Place    | Note
-------+----------+-------------------------------------------
     0 | D:1      | MattMattMattMatt the Draconian Conjurer began the quest for
                  | the Orb.
     0 | D:1      | Reached XP level 1. HP: 14/14 MP: 3/3
   473 | D:1      | Reached XP level 2. HP: 19/20 MP: 3/5
   672 | D:1      | Reached XP level 3. HP: 16/26 MP: 3/6
  1494 | D:2      | Reached skill level 1 in Maces & Flails
  1518 | D:2      | Reached XP level 4. HP: 32/33 MP: 0/8
  2249 | D:3      | Reached XP level 5. HP: 25/39 MP: 1/9
  2633 | D:4      | Reached skill level 1 in Fighting
  2640 | D:4      | HP: 2/40 [poisoned by a worker ant]
  2648 | D:4      | HP: 1/40 [poisoned by a worker ant]
  2979 | D:4      | Reached skill level 5 in Conjurations
  3310 | D:4      | Noticed Sigmund
  3611 | D:4      | Reached XP level 6. HP: 46/47 MP: 3/11
  3622 | D:4      | Learned a level 2 spell: Searing Ray
  3627 | D:4      | Learned a level 4 spell: Iskenderun's Mystic Blast
  3631 | D:4      | Learned a level 3 spell: Dazzling Spray
  3650 | D:4      | Found a shadowy altar of Dithmenos.
  3658 | D:4      | Killed Sigmund
  3820 | D:4      | Became a worshipper of Dithmenos the Shadowed
  3916 | D:5      | Entered Level 5 of the Dungeon
  3916 | D:5      | Noticed a yak
  3916 | D:5      | Noticed a yak
  3916 | D:5      | Noticed a yak
  3936 | D:5      | Slain by a yak

Levels and vault maps discovered:
D:1:      dpeg_arrival_chambers_temple_mockup, layout_basic, minivault_4,
          kennysheep_flooded_box, serial_park_tiny_1, minmay_indecisive_spiral
D:2:      layout_basic, grunt_ministairs_15
D:3:      layout_loops_ring, serial_glass, glass_columns_b, glass_columns_b,
          kennysheep_generic_room_8
D:4:      layout_loops_ring, nicolae_dithmenos_through_a_glass_darkly,
          first_ration, uniq_sigmund
D:5:      layout_loops_cross, lemuel_zombie_altar_yredelemnul,
          patterned_corridor

Skill      XL: |  1  2  3  4  5  6 |
---------------+-------------------+-----
Stealth        | 2 |  2.7
Maces & Flails | 1 2 3 |  3.0
Dodging        | 2 |  2.9
Spellcasting   | 3 |  3.8
Fighting       | 1 |  1.3
Conjurations   | 5 |  5.3

Action                   |  1- 3 |  4- 6 || total
-------------------------+-------+-------++-------
Melee: Unarmed           |    10 |       ||    10
       Whip              |    72 |    92 ||   164
       Tailslap          |     5 |     7 ||    12
       Scythe            |       |     3 ||     3
 Cast: Magic Dart        |    60 |    93 ||   153
       Dazzling Spray    |       |     2 ||     2
       Iskenderun's Myst |       |     1 ||     1
       Searing Ray       |       |     1 ||     1
  Use: Scroll            |     8 |     4 ||    12
       Potion            |       |     4 ||     4
 Stab: Sleeping          |     1 |     2 ||     3
  Eat: Ration            |     1 |     3 ||     4
Armor: Skin              |    44 |    61 ||   105
Dodge: Dodged            |    70 |   108 ||   178

Table legend:
 A = Non-vault XP
 B = Vault XP
 C = Vault XP percentage of total XP
 D = Non-vault monster count
 E = Vault monster count
 F = Vault count percentage of total count
                 A         B        C        D         E       F
            +---------+---------+-------+---------+---------+-------
      Total |     451 |     217 |  32.5 |      98 |       8 |   7.5
            +---------+---------+-------+---------+---------+-------
        D:1 |      41 |       5 |  10.9 |      22 |       4 |  15.4
        D:2 |      77 |       3 |   3.8 |      25 |       2 |   7.4
        D:3 |      90 |       1 |   1.1 |      34 |       1 |   2.9
        D:4 |     199 |     208 |  51.1 |      15 |       1 |   6.2
        D:5 |      44 |       0 |   0.0 |       2 |       0 |   0.0
            +---------+---------+-------+---------+---------+-------
